 Dungeon Crawl Stone Soup version 0.27-a0-808-g60bc5d92e6 (webtiles) character file.

Game seed: 12227021064174447330

394 rageheart7 the Quickloader (level 7, 0/42 HPs)
             Began as a Kobold Hunter on Mar 28, 2021.
             Slain by Grinder (3 damage)
             ... while paralysed by Grinder
             ... on level 4 of the Dungeon.
             The game lasted 00:04:15 (2863 turns).

rageheart7 the Quickloader (Kobold Hunter)          Turns: 2863, Time: 00:04:15

Health: 0/42       AC:  6    Str: 12      XL:     7   Next: 9%
Magic:  7/7        EV:  3    Int: 12      God:
Gold:   98         SH:  0    Dex: 14 (15) Spells: 6/6 levels left

rFire    . . .     SeeInvis .   a - +2 hand crossbow
rCold    . . .     Faith    .   (shield restricted)
rNeg     . . .     Spirit   .   h - +0 ring mail
rPois    .         Reflect  .   (no helmet)
rElec    .         Harm     .   e - +0 cloak
rCorr    .         Rampage  .   (no gloves)
Will     .....     Clarity  +   (no boots)
Stlth    ++........             (no amulet)
HPRegen  0.14/turn              (no ring)
MPRegen  0.10/turn              (no ring)

@: paralysed
A: small, no large weapons, nightstalker 3, blink, clarity
a: Blink


You were on level 4 of the Dungeon.
You visited 1 branch of the dungeon, and saw 5 of its levels.

You collected 98 gold pieces.

Inventory:

Hand Weapons
 a - a +2 hand crossbow (weapon)
 b - a +0 short sword
Missiles
 d - a bolt (quivered ammo)
Armour
 e - a +0 cloak (worn)
 h - a +0 ring mail (worn)
Potions
 f - 2 potions of magic {unknown}
 g - a potion of mutation
 j - a potion of flight
 k - a potion of degeneration {unknown}


   Skills:
 * Level 3.7 Fighting
 * Level 3.7 Short Blades
 * Level 8.0 Crossbows
 - Level 2.4 Dodging
 - Level 1.3 Stealth


You had 6 spell levels left.
You didn't know any spells.
Your spell library contained the following spells:

 Spells                   Type           Power      Damage    Failure   Level
 Animate Skeleton         Necr           0%         N/A       58%         1
 Apportation              Tloc           0%         N/A       58%         1
 Corona                   Hex            0%         N/A       58%         1
 Summon Small Mammal      Summ           0%         N/A       58%         1


Dungeon Overview and Level Annotations

Branches:
Dungeon (5/15)
 Temple: D:4-7

Altars:

Annotations:
D:4 Eustachio, Grinder


Innate Abilities, Weirdness & Mutations

You are small and have problems with some larger weapons.
You are completely attuned to the shadows.
You can translocate small distances at will.
You possess an exceptional clarity of mind.


Message History

* * * LOW HITPOINT WARNING * * *
The orc barely misses you.
Fire: 5 bolts
Press: ? - help, Q - select action, (/) - cycle Shift-Dir - straight line, f/p - orc wizard
Aim: an orc wizard, wielding a +0 dagger and wearing a +0 robe (black smoke, almost dead, 61% to hit)
You shoot a bolt. The bolt hits the orc wizard.
You kill the orc wizard!
The kobold hits you but does no damage. The orc barely misses you.
You feel your dexterity returning.
Your Crossbows skill increases to level 8!
The orc barely misses you. The kobold misses you.
Found a shiny ivory wand.
Items here: ( )) [[ ††. 2 orcs come into view.
The orc shouts!
You see here a bolt.
Fire: 4 bolts
Press: ? - help, Q - select action, (/) - cycle Shift-Dir - straight line, f - orc
Aim: an orc, wielding a +0 club and wearing a +0 ring mail (black smoke, 72% to hit)
You shoot a bolt. The bolt hits the orc!
You kill the orc!
The orc hits you but does no damage.
Fire: 3 bolts
Press: ? - help, Q - select action, (/) - cycle Shift-Dir - straight line, f - kobold
Aim: a kobold, wielding a +0 whip (black smoke, 63% to hit)
You shoot a bolt. The bolt hits the kobold.
You kill the kobold!
The orc hits you with a +0 dagger.
* * * LOW HITPOINT WARNING * * *
Fire: 2 bolts
Press: ? - help, Q - select action, (/) - cycle Shift-Dir - straight line, f - orc
Aim: an orc, wielding a +0 dagger and wearing a +0 ring mail (72% to hit)
You shoot a bolt. The bolt closely misses the orc.
The orc closely misses you. Grinder gestures at you.
You suddenly lose the ability to move!
The orc hits you with a +0 mace.
* * * LOW HITPOINT WARNING * * *
The orc hits you but does no damage. Grinder hits you.
You die...

#/. ......
....(#
..§§§#####.
.§§§§5@o...
(.§§§##o...
..5§§# ....
(.§§§# ....
5....# ...(
.....##
......#
#####.##
#..#


You could see Grinder and 2 orcs.

Vanquished Creatures
  Menkaure (D:5)
  An orc priest (D:4)
  A centaur skeleton (D:5)
  Natasha (D:4)
  4 orc wizards (D:4)
  A gnoll (D:1)
  2 adders
  A worm (D:2)
  2 dart slugs (D:1)
  8 orcs
  2 bats
  5 endoplasms
  5 giant cockroaches
  3 goblins
  3 hobgoblins
  2 jackals (D:1)
  6 kobolds
  4 quokkas
  3 ball pythons
  3 frilled lizards
  8 rats
66 creatures vanquished.

Vanquished Creatures (others)
  5 plants (D:4)
5 creatures vanquished.

Grand Total: 71 creatures vanquished

Notes
Turn   | Place    | Note
-------+----------+-------------------------------------------
     0 | D:1      | rageheart7 the Kobold Hunter began the quest for the Orb.
     0 | D:1      | Reached XP level 1. HP: 12/12 MP: 1/1
    44 | D:1      | Reached skill level 5 in Crossbows
    44 | D:1      | Reached XP level 2. HP: 6/17 MP: 2/2
   346 | D:1      | Reached XP level 3. HP: 18/22 MP: 3/3
   865 | D:1      | Reached skill level 6 in Crossbows
   967 | D:2      | Reached skill level 1 in Short Blades
   969 | D:2      | Reached XP level 4. HP: 22/27 MP: 4/4
  1897 | D:3      | You fall into a shaft and drop 2 floors!
  1897 | D:5      | Entered Level 5 of the Dungeon
  1923 | D:5      | Reached XP level 5. HP: 30/31 MP: 5/5
  1930 | D:5      | Noticed Menkaure
  1938 | D:5      | Killed Menkaure
  1939 | D:5      | Reached skill level 7 in Crossbows
  1939 | D:5      | Reached XP level 6. HP: 20/37 MP: 6/6
  2189 | D:4      | Identified the +10 dire flail of Proximity {freeze, rN+
                  | Str+4 Int+2 Dex+3}
  2362 | D:4      | Noticed Eustachio
  2380 | D:4      | Gained mutation: You possess an exceptional clarity of
                  | mind. [potion of mutation]
  2380 | D:4      | Gained mutation: You can translocate small distances at
                  | will. [potion of mutation]
  2573 | D:4      | Noticed Natasha
  2606 | D:4      | Killed Natasha
  2850 | D:4      | Reached XP level 7. HP: 36/41 MP: 7/7
  2850 | D:4      | Noticed Grinder
  2858 | D:4      | Reached skill level 8 in Crossbows
  2862 | D:4      | Paralysed by Grinder for 4 turns
  2863 | D:4      | Slain by Grinder

Illustrated notes

Levels and vault maps discovered:
D:1:      evilmike_arrival_crescent, layout_basic
D:2:      layout_basic
D:3:      layout_loops_corners, lemuel_round_altar,
          gammafunk_temple_overflow_arena, uniq_crazy_yiuf_cottage
D:4:      layout_basic, nzn_wu_jian_contemplation, kennysheep_flooded_box,
          chequers_big_river, uniq_natasha, uniq_eustachio, uniq_grinder
D:5:      layout_loops_corners, grunt_temple_overflow_gold_and_silver,
          gammafunk_temple_overflow_elements, gup_sewer_entry_glass,
          patterned_corridor, uniq_menkaure

Skill      XL: |  1  2  3  4  5  6  7 |
---------------+----------------------+-----
Crossbows      | 5 6 7 8 |  8.0
Short Blades   | 1 2 3 |  3.7
Fighting       | 3 |  3.7
Dodging        | |  2.4
Stealth        | |  1.3

Action                   |  1- 3 |  4- 6 |  7- 9 || total
-------------------------+-------+-------+-------++-------
Melee: Short sword       |    13 |    66 |       ||    79
 Fire: Hand crossbow     |    44 |    72 |    10 ||   126
  Use: Scroll            |       |     4 |     1 ||     5
       Potion            |       |     4 |       ||     4
Armor: Ring mail         |     1 |    47 |     5 ||    53
Dodge: Dodged            |    19 |    97 |    13 ||   129

Table legend: (Time is in decaauts)
 A = Elapsed time spent in this place.
 B = Non-inter-level travel time spent in this place.
 C = Inter-level travel time spent in this place.
 D = Time resting spent in this place.
 E = Time spent auto-exploring this place.
 F = Levels seen in this place.
 G = Mean time per level.
                   A        B        C        D        E       F      G
               +--------+--------+--------+--------+--------+-----+--------+
         Total |   2886 |   2838 |     48 |      0 |   2413 |   5 |  577.2 |
       Dungeon |   2886 |   2838 |     48 |      0 |   2413 |   5 |  577.2 |
               +--------+--------+--------+--------+--------+-----+--------+

Top non-repeatable levels by time:
     D:1: 946 daAuts
     D:2: 744 daAuts
     D:4: 709 daAuts
     D:5: 266 daAuts
     D:3: 220 daAuts
